 Dungeon Crawl Stone Soup version 0.23.2-1-ga50397a6bc (webtiles) character file.

Game seed: 10301364795995726843

51 1994 the Grave Robber (level 3, -2/26 HPs)
             Began as a Mummy Necromancer on May 12, 2019.
             Slain by a gnoll
             ... wielding a +0 whip of venom
              (6 damage)
             ... on level 2 of the Dungeon.
             The game lasted 00:06:12 (1473 turns).

1994 the Grave Robber (Mummy Necromancer)           Turns: 1473, Time: 00:06:12

Health: -2/26      AC:  3    Str: 11    XL:     3   Next: 58%
Magic:  4/7        EV: 12    Int: 15    God:
Gold:   108        SH:  0    Dex: 12    Spells: 3/8 levels left

rFire    x . .     SeeInvis .   h - +0 hand axe
rCold    + . .     Gourm    .   (no shield)
rNeg     + + +     Faith    .   a - +0 robe
rPois    ∞         Spirit   .   (no helmet)
rElec    .         Reflect  .   f - +0 cloak
rCorr    .         Harm     .   (no gloves)
MR       .....                  (no boots)
Stlth    ++........             (no amulet)
HPRegen  0.08/turn              (no ring)
MPRegen  0.10/turn              (no ring)

@: no status effects
A: no food or potions, fire vulnerability, cold resistance 1, negative energy
resistance 3, torment resistance, unbreathing
a: no special abilities


You were on level 2 of the Dungeon.
You were not hungry.

You visited 1 branch of the dungeon, and saw 2 of its levels.

You collected 108 gold pieces.

Inventory:

Hand Weapons
 h - a +0 hand axe (weapon)
Missiles
 d - 61 stones (quivered)
 g - 17 poisoned needles
Armour
 a - a +0 robe (worn)
 f - a +0 cloak (worn)
Jewellery
 b - a +5 ring of protection {unknown}
Scrolls
 c - 3 scrolls of magic mapping {unknown}
 e - a scroll of fear {unknown}
 i - a scroll of remove curse {unknown}
 j - a scroll of identify {unknown}


   Skills:
 + Level 1.2 Fighting
 * Level 0.7 Axes
 - Level 1.5 Dodging
 - Level 1.5 Stealth
 + Level 3.3 Spellcasting
 * Level 4.6 Necromancy


You had 3 spell levels left.
You knew the following spells:

 Your Spells              Type           Power        Failure   Level  Hunger
a - Pain                  Necr           ###.         3%          1    N/A
b - Animate Skeleton      Necr           N/A          3%          1    N/A
c - Vampiric Draining     Necr           ###.......   9%          3    N/A

Your spell library contained the following spells:

 Spells                   Type           Power        Failure   Level  Hunger
 Animate Dead             Necr           N/A          28%         4    N/A
 Regeneration             Chrm/Necr      Unusable     N/A         3    N/A

Dungeon Overview and Level Annotations

Branches:
Dungeon (2/15)

Altars:
Hepliaklqana


Innate Abilities, Weirdness & Mutations

You do not eat or drink.
Your flesh is vulnerable to fire.
You are immune to poison.
Your flesh is cold resistant. (rC+)
You are immune to negative energy. (rN+++)
You are immune to unholy pain and torment.
You can survive without breathing.


Message History

The gnoll hits you from afar with a +0 spear.
The gnoll hits you with a +0 whip of venom!
Casting: Pain (safe; 3% risk of failure)
Confirm with . or Enter, or press ? or * to list all spells.
Aiming: Pain (safe; 3% risk of failure)
Press: ? - help, Shift-Dir - straight line, f/p - gnoll
Aim: a gnoll, wielding a +0 whip of venom (chance to defeat MR: 81%)
The gnoll writhes in agony.
The gnoll hits you from afar with a +0 spear.
The gnoll closely misses you.
Casting: Pain (safe; 3% risk of failure)
Confirm with . or Enter, or press ? or * to list all spells.
Aiming: Pain (safe; 3% risk of failure)
Press: ? - help, Shift-Dir - straight line, f/p - gnoll
Aim: a gnoll, wielding a +0 whip of venom (lightly wounded, chance to defeat MR: 81%)
The gnoll writhes in agony.
The gnoll hits you from afar with a +0 spear.
* * * LOW HITPOINT WARNING * * *
The gnoll hits you with a +0 whip of venom.
You die...

........# #.....#
........###.....##
.......!..........
#######........###
#.......g......#
#.#####........#
#..÷g........#
#####g###......#.#
#gg@#.#
#..#####.###
#.###.# #..# #....
#)# #.# #.## #.###
#.# #.###.##
##.### #g#
#...#..####†..##
#g#
###g#......._...
#.# #.#.##.##...##
###.#
#g#.##.###.##
#...# #.#.##.# #.#


You could see 2 gnolls.

Vanquished Creatures
  2 gnolls
  A dart slug (D:1)
  A leopard gecko (D:2)
  3 bats (D:1)
  2 giant cockroaches (D:1)
  3 goblins
  4 hobgoblins (D:1)
  3 kobolds (D:1)
  A quokka (D:2)
  3 frilled lizards
  5 rats
28 creatures vanquished.

Notes
Turn   | Place    | Note
-------+----------+-------------------------------------------
     0 | D:1      | 1994 the Mummy Necromancer began the quest for the Orb.
     0 | D:1      | Reached XP level 1. HP: 13/13 MP: 4/4
     2 | D:1      | Learned a level 1 spell: Animate Skeleton
   392 | D:1      | Reached XP level 2. HP: 20/20 MP: 2/5
   795 | D:1      | Reached skill level 1 in Fighting
  1100 | D:2      | Found a hazy altar of Hepliaklqana.
  1130 | D:2      | Reached XP level 3. HP: 26/26 MP: 5/7
  1194 | D:2      | Learned a level 3 spell: Vampiric Draining
  1473 | D:2      | Slain by a gnoll

Skill      XL: |  1  2 |
---------------+-------+-----
Spellcasting   | 3 |  3.3
Fighting       | 1 |  1.2
Axes           | |  0.7
Dodging        | |  1.5
Stealth        | |  1.5
Necromancy     | |  4.6

Action                   || total
-------------------------++-------
Melee: Unarmed           ||     4
Throw: Stone             ||     1
 Cast: Pain              ||    56
       Animate Skeleton  ||     2
Armor: Robe              ||     3
Dodge: Dodged            ||    18
